3AA
BELVEDERE PARK RAWHIDES @ BILLINGS POLAR BEARS
08/01/2034
 
TOP OF THE 1ST
Belvedere Park Rawhides batting - Pitching for Billings Polar Bears : RHP José Meza
Pitching: RHP José Meza
Batting: RHB Pat Sizemore 0-0: Called Strike
0-1: Ball
1-1: Ball
2-1: DOUBLE (Flyball, 8LXD)
Batting: LHB Ken Gill 0-0: Ball
1-0: Called Strike
1-1: Called Strike
1-2: Foul Ball, location: 2F
1-2: Strikes out looking
Batting: RHB Min-gook Ch'oe 0-0: Called Strike
0-1: Ball
1-1: SINGLE (Groundball, 6D)
Pat Sizemore to third
Runner from 3rd tries for Home, SAFE, throw made home
Min-gook Ch'oe to second
Batting: RHB Domingo Trujillo 0-0: Ball
1-0: Swinging Strike
1-1: Ball
2-1: Ball
3-1: Fly out, F7 (Flyball, 7LM)
Batting: RHB Pat Lloyd 0-0: DOUBLE (Flyball, 89D)
Min-gook Ch'oe scores
Batting: RHB Hang-ki Chung 0-0: Ball
1-0: Called Strike
1-1: Ground out 6-3 (Groundball, 56D)
Top of the 1st over - 2 runs, 3 hits, 0 errors, 1 left on base; Belvedere Park 2 - Billings 0
BOTTOM OF THE 1ST
Billings Polar Bears batting - Pitching for Belvedere Park Rawhides : RHP Santiago Ramírez
Pitching: RHP Santiago Ramírez
Batting: RHB Cody Jaeckel 0-0: Ball
1-0: Ball
2-0: Called Strike
2-1: Foul Ball, location: 2F
2-2: Foul Ball, location: 2F
2-2: Ball
3-2: Ground out 5-3 (Groundball, 56)
Batting: LHB Phil MacNamara 0-0: Ball
1-0: Foul Ball, location: 2F
1-1: Ball
2-1: Foul Ball, location: 2F
2-2: Ground out 1-3 (Groundball, 13)
Batting: RHB José Ortíz 0-0: Ground out 6-3 (Groundball, 6MS)
Bottom of the 1st over - 0 runs, 0 hits, 0 errors, 0 left on base; Belvedere Park 2 - Billings 0
TOP OF THE 2ND
Belvedere Park Rawhides batting - Pitching for Billings Polar Bears : RHP José Meza
Batting: RHB Mike Printup 0-0: Ball
1-0: Ball
2-0: Ball
3-0: Called Strike
3-1: Called Strike
3-2: Foul Ball, location: 2F
3-2: Base on Balls
Batting: LHB Connor Petty 0-0: Called Strike
0-1: Called Strike
0-2: Fielders Choice at 2nd, 4-6 (Groundball, 4M)
Pitching: RHP Daniel Riley
Batting: RHB Stephen Webb 0-0: Ball
1-0: Ball
2-0: Foul Ball, location: 2F
2-1: Ball
3-1: Called Strike
3-2: Foul Ball, location: 2F
3-2: Fielders Choice at 2nd, 4-6 (Groundball, 4)
Batting: RHB Pat Sizemore 0-0: Ball
1-0: Foul Ball, location: 2F
1-1: Ball
2-1: Fly out, F8 (Flyball, 8RM)
Top of the 2nd over - 0 runs, 0 hits, 0 errors, 1 left on base; Belvedere Park 2 - Billings 0
BOTTOM OF THE 2ND
Billings Polar Bears batting - Pitching for Belvedere Park Rawhides : RHP Santiago Ramírez
Batting: RHB Patrick Pupovac 0-0: Ball
1-0: Called Strike
1-1: Foul Ball, location: 2F
1-2: Ball
2-2: Strikes out swinging wild pitch, reaches first!
Batting: RHB Lynwood Dimartínez 0-0: Ball
1-0: Swinging Strike
1-1: Ground out 5-3 (Groundball, 56S)
Patrick Pupovac to second
Batting: RHB Luis Pérez 0-0: Ball
1-0: Foul Ball, location: 2F
1-1: Swinging Strike
1-2: Strikes out swinging
Batting: RHB Pedro Flores 0-0: Ball
1-0: Ball
2-0: 2-RUN HOME RUN (Flyball, 7LD), Distance : 366 ft
Batting: RHB Juan Ortíz 0-0: Ground out 6-3 (Groundball, 6)
Bottom of the 2nd over - 2 runs, 1 hit, 0 errors, 0 left on base; Belvedere Park 2 - Billings 2
TOP OF THE 3RD
Belvedere Park Rawhides batting - Pitching for Billings Polar Bears : RHP Daniel Riley
Batting: LHB Ken Gill 0-0: Ball
1-0: Called Strike
1-1: Foul Ball, location: 2F
1-2: Ball
2-2: Ball
3-2: Foul Ball, location: 2F
3-2: Fly out, F7 (Flyball, 7)
Batting: RHB Min-gook Ch'oe 0-0: Called Strike
0-1: Swinging Strike
0-2: Ball
1-2: Strikes out looking
Batting: RHB Domingo Trujillo 0-0: Ball
1-0: SINGLE (Line Drive, 7LS)
Batting: RHB Pat Lloyd 0-0: Ball
Wild Pitch!
Domingo Trujillo to second
1-0: SINGLE (Line Drive, 6)
Domingo Trujillo to third
Runner from 3rd tries for Home, SAFE, throw made home
Batting: RHB Hang-ki Chung 0-0: Ball
1-0: Ball
2-0: Ground out 4-3 (Groundball, 34D)
Top of the 3rd over - 1 run, 2 hits, 0 errors, 1 left on base; Belvedere Park 3 - Billings 2
BOTTOM OF THE 3RD
Billings Polar Bears batting - Pitching for Belvedere Park Rawhides : RHP Santiago Ramírez
Batting: RHB Corey Dudding 0-0: Ball
1-0: Called Strike
1-1: Swinging Strike
1-2: Ball
2-2: Ball
3-2: Foul Ball, location: 2F
3-2: Foul Ball, location: 2F
3-2: Base on Balls
Batting: RHB Cody Jaeckel 0-0: Ball
1-0: Grounds into double play, 4-6-3 (Groundball, 4)
Batting: LHB Phil MacNamara 0-0: Ground out 6-3 (Groundball, 6M)
Bottom of the 3rd over - 0 runs, 0 hits, 0 errors, 0 left on base; Belvedere Park 3 - Billings 2
TOP OF THE 4TH
Belvedere Park Rawhides batting - Pitching for Billings Polar Bears : RHP Daniel Riley
Batting: RHB Mike Printup 0-0: Ball
1-0: SINGLE (Flyball, 89M)
Batting: LHB Connor Petty 0-0: Called Strike
0-1: SINGLE (Groundball, 34D)
Mike Printup to second
Runner from 2nd tries for 3rd, SAFE, no throw
Batting: RHB Stephen Webb 0-0: Ball
1-0: Swinging Strike
1-1: Ball
2-1: SINGLE (Groundball, 56D)
Mike Printup scores
Connor Petty to second
Batting: RHB Pat Sizemore 0-0: Ball
1-0: Ball
2-0: Called Strike
2-1: Fly out, F6 (Popup, P)
Batting: LHB Ken Gill 0-0: Ball
1-0: Fly out, F8 (Flyball, 8LS)
Batting: RHB Min-gook Ch'oe 0-0: Ball
1-0: Foul Ball, location: 2F
1-1: Ball
2-1: Called Strike
2-2: Foul Ball, location: 2F
2-2: SINGLE (Groundball, 34D)
Connor Petty to third
Stephen Webb to second
Runner from 3rd tries for Home, SAFE, no throw
Batting: RHB Domingo Trujillo 0-0: Ball
1-0: Called Strike
1-1: Ball
2-1: Foul Ball, location: 2F
2-2: Foul Ball, location: 2F
2-2: Ball
3-2: Foul Ball, location: 2F
3-2: Fly out, F9 (Line Drive, 9)
Top of the 4th over - 2 runs, 4 hits, 0 errors, 2 left on base; Belvedere Park 5 - Billings 2
BOTTOM OF THE 4TH
Billings Polar Bears batting - Pitching for Belvedere Park Rawhides : RHP Santiago Ramírez
Batting: RHB José Ortíz 0-0: Ball
1-0: Foul Ball, location: 2F
1-1: Ground out 5-3 (Groundball, 56)
Batting: RHB Patrick Pupovac 0-0: Called Strike
0-1: SINGLE (Line Drive, 8LS)
Batting: RHB Lynwood Dimartínez 0-0: Foul Ball, location: 2F
0-1: Fly out, F9 (Flyball, 9S)
Batting: RHB Luis Pérez 0-0: Ball
1-0: Fly out, F8 (Line Drive, 78D)
Bottom of the 4th over - 0 runs, 1 hit, 0 errors, 1 left on base; Belvedere Park 5 - Billings 2
TOP OF THE 5TH
Belvedere Park Rawhides batting - Pitching for Billings Polar Bears : RHP Daniel Riley
Pitching: RHP Roberto Roque
Batting: RHB Pat Lloyd 0-0: Called Strike
0-1: Foul Ball, location: 2F
0-2: Ball
1-2: Strikes out swinging
Batting: RHB Hang-ki Chung 0-0: Called Strike
0-1: Called Strike
0-2: Strikes out swinging
Batting: RHB Mike Printup 0-0: Ball
1-0: Called Strike
1-1: Ball
2-1: Ground out 4-3 (Groundball, 4)
Top of the 5th over - 0 runs, 0 hits, 0 errors, 0 left on base; Belvedere Park 5 - Billings 2
BOTTOM OF THE 5TH
Billings Polar Bears batting - Pitching for Belvedere Park Rawhides : RHP Santiago Ramírez
Batting: RHB Pedro Flores 0-0: Ball
1-0: SINGLE (Flyball, 78S)
Batting: RHB Juan Ortíz 0-0: Called Strike
0-1: Ball
1-1: Ball
2-1: Ball
3-1: Foul Ball, location: 2F
3-2: Strikes out swinging
Batting: RHB Corey Dudding 0-0: Swinging Strike
0-1: Ball
1-1: Ball
2-1: Fly out, F9 (Flyball, 9S)
Batting: RHB Cody Jaeckel 0-0: Called Strike
0-1: Foul Ball, location: 2F
0-2: Ball
1-2: Ball
2-2: Foul Ball, location: 2F
2-2: Strikes out swinging
Bottom of the 5th over - 0 runs, 1 hit, 0 errors, 1 left on base; Belvedere Park 5 - Billings 2
TOP OF THE 6TH
Belvedere Park Rawhides batting - Pitching for Billings Polar Bears : RHP Roberto Roque
Batting: LHB Connor Petty 0-0: Called Strike
0-1: Called Strike
0-2: Ball
1-2: SINGLE (Groundball, 6D)
Batting: RHB Stephen Webb 0-0: Called Strike
0-1: Swinging Strike
0-2: Ball
1-2: Foul Ball, location: 2F
1-2: Foul Ball, location: 2F
1-2: Strikes out swinging
Batting: RHB Pat Sizemore 0-0: Ball
1-0: SINGLE (Line Drive, 7LS)
Connor Petty to second
Batting: LHB Ken Gill 0-0: Ball
1-0: Ball
2-0: Fielders Choice at 2nd, 4-6 (Groundball, 4)
Connor Petty to third
Batting: RHB Min-gook Ch'oe 0-0: Ball
1-0: Ball
2-0: Ball
3-0: Called Strike
3-1: Called Strike
3-2: Ground out 5-3 (Groundball, 56S)
Top of the 6th over - 0 runs, 2 hits, 0 errors, 2 left on base; Belvedere Park 5 - Billings 2
BOTTOM OF THE 6TH
Billings Polar Bears batting - Pitching for Belvedere Park Rawhides : RHP Santiago Ramírez
Batting: LHB Phil MacNamara 0-0: Ball
1-0: Ball
2-0: DOUBLE (Flyball, 8LXD)
Batting: RHB José Ortíz 0-0: Called Strike
0-1: Foul Ball, location: 2F
0-2: SINGLE (Line Drive, 8LS)
Phil MacNamara to third
Batting: RHB Patrick Pupovac 0-0: Called Strike
0-1: Ball
1-1: Ground out 2-3 (Groundball, 15S)
José Ortíz to second
Batting: RHB Lynwood Dimartínez 0-0: Ball
1-0: Ball
2-0: Called Strike
2-1: Foul Ball, location: 2F
2-2: Foul Ball, location: 2F
2-2: Strikes out swinging
Batting: RHB Luis Pérez 0-0: Swinging Strike
0-1: Called Strike
0-2: Ball
Wild Pitch!
Phil MacNamara scores
José Ortíz to third
1-2: Ball
2-2: Ground out 3-1 (Groundball, 34S)
Bottom of the 6th over - 1 run, 2 hits, 0 errors, 1 left on base; Belvedere Park 5 - Billings 3
TOP OF THE 7TH
Belvedere Park Rawhides batting - Pitching for Billings Polar Bears : RHP Roberto Roque
Batting: RHB Domingo Trujillo 0-0: Called Strike
0-1: Ball
1-1: Foul Ball, location: 2F
1-2: Ground out 6-3 (Groundball, 6)
Batting: RHB Pat Lloyd 0-0: Foul Ball, location: 2F
0-1: Called Strike
0-2: Foul Ball, location: 2F
0-2: Ball
1-2: Foul Ball, location: 2F
1-2: Ball
2-2: Foul Ball, location: 2F
2-2: DOUBLE (Line Drive, 8LD)
Batting: RHB Hang-ki Chung 0-0: Foul Ball, location: 2F
0-1: Fly out, F7 (Flyball, 7D)
Batting: RHB Mike Printup 0-0: Ball
1-0: Ball
2-0: Ground out 4-3 (Groundball, 4)
Top of the 7th over - 0 runs, 1 hit, 0 errors, 1 left on base; Belvedere Park 5 - Billings 3
BOTTOM OF THE 7TH
Billings Polar Bears batting - Pitching for Belvedere Park Rawhides : RHP Santiago Ramírez
Batting: RHB Pedro Flores 0-0: Ball
1-0: Ground out 5-3 (Groundball, 56)
Batting: RHB Juan Ortíz 0-0: Fly out, F3 (Popup, 34)
Batting: RHB Corey Dudding 0-0: Ball
1-0: Fly out, F8 (Flyball, 8RS)
Bottom of the 7th over - 0 runs, 0 hits, 0 errors, 0 left on base; Belvedere Park 5 - Billings 3
TOP OF THE 8TH
Belvedere Park Rawhides batting - Pitching for Billings Polar Bears : RHP Roberto Roque
Batting: LHB Connor Petty 0-0: Called Strike
0-1: DOUBLE (Line Drive, 78D)
Batting: RHB Stephen Webb 0-0: Ball
1-0: Swinging Strike
1-1: Ball
2-1: Foul Ball, location: 2F
2-2: Ball
3-2: Strikes out swinging
Pitching: RHP Salvador López
Batting: RHB Pat Sizemore 0-0: Ball
1-0: Ball
2-0: Swinging Strike
2-1: Ball
3-1: Fly out, F9 (Flyball, 9LMF)
Runner from 2nd tags up, SAFE at 3rd with throw
Batting: LHB Ken Gill 0-0: Ball
1-0: Ball
2-0: Ball
3-0: Called Strike
3-1: Called Strike
3-2: Base on Balls
Batting: RHB Min-gook Ch'oe 0-0: Ball
1-0: 3-RUN HOME RUN (Flyball, 7D), Distance : 385 ft
Batting: RHB Domingo Trujillo 0-0: Ball
1-0: Called Strike
1-1: Ball
2-1: SINGLE (Line Drive, 6D)
Batting: RHB Pat Lloyd 0-0: Ball
1-0: Ball
2-0: Ball
3-0: Called Strike
3-1: Foul Ball, location: 2F
3-2: Foul Ball, location: 2F
3-2: Foul Ball, location: 2F
3-2: Base on Balls
Domingo Trujillo to second
Batting: RHB Hang-ki Chung 0-0: Foul Ball, location: 2F
0-1: SINGLE (Line Drive, 8RS)
Domingo Trujillo to third
Pat Lloyd to second
Runner from 3rd tries for Home, SAFE, no throw
Batting: RHB Mike Printup 0-0: Ball
1-0: Called Strike
1-1: Ground out 4-3 (Groundball, 4)
Top of the 8th over - 4 runs, 4 hits, 0 errors, 2 left on base; Belvedere Park 9 - Billings 3
BOTTOM OF THE 8TH
Billings Polar Bears batting - Pitching for Belvedere Park Rawhides : RHP Santiago Ramírez
Pitching: RHP Timoteo Sassetti
Now in LF: Woodrow McGuire
Batting: RHB Cody Jaeckel 0-0: Foul Ball, location: 2F
0-1: Ball
1-1: Fly out, F5 (Popup, 5F)
Batting: LHB Phil MacNamara 0-0: Ball
1-0: Swinging Strike
1-1: Called Strike
1-2: Ball
2-2: Ball
3-2: Foul Ball, location: 2F
3-2: Base on Balls
Batting: RHB José Ortíz 0-0: Called Strike
0-1: Foul Ball, location: 2F
0-2: Ball
1-2: Foul Ball, location: 2F
1-2: Strikes out looking
Batting: RHB Patrick Pupovac 0-0: Foul Ball, location: 2F
0-1: Foul Ball, location: 2F
0-2: Ball
1-2: Hit by Pitch
Phil MacNamara to second
Batting: RHB Lynwood Dimartínez 0-0: Called Strike
0-1: Ball
1-1: Foul Ball, location: 2F
1-2: Foul Ball, location: 2F
1-2: Strikes out swinging
Bottom of the 8th over - 0 runs, 0 hits, 0 errors, 2 left on base; Belvedere Park 9 - Billings 3
TOP OF THE 9TH
Belvedere Park Rawhides batting - Pitching for Billings Polar Bears : RHP Salvador López
Batting: LHB Connor Petty 0-0: Swinging Strike
0-1: Ball
1-1: Ground out 4-3 (Groundball, 4D)
Batting: RHB Stephen Webb 0-0: Ball
1-0: Swinging Strike
1-1: Ball
2-1: Swinging Strike
2-2: Fly out, F7 (Flyball, 78S)
Batting: RHB Pat Sizemore 0-0: Ball
1-0: Ball
2-0: Fly out, F7 (Flyball, 7S)
Top of the 9th over - 0 runs, 0 hits, 0 errors, 0 left on base; Belvedere Park 9 - Billings 3
BOTTOM OF THE 9TH
Billings Polar Bears batting - Pitching for Belvedere Park Rawhides : RHP Timoteo Sassetti
Now at C: David Martínez
Batting: RHB Luis Pérez 0-0: Fly out, F8 (Flyball, 8RS)
Batting: RHB Pedro Flores 0-0: Fly out, F4 (Flyball, 4D)
Batting: RHB Juan Ortíz 0-0: Ball
1-0: Called Strike
1-1: Swinging Strike
1-2: Strikes out swinging
Bottom of the 9th over - 0 runs, 0 hits, 0 errors, 0 left on base; Belvedere Park 9 - Billings 3
Friday, March 29th, 2019 - OOTP Baseball 18.8 Build 76